Map: 베를린그라드 - 래더

Players

DPGZest (Zest)

  • Race: Protoss Protoss
  • League: Master

Maru - Winner!

  • Race: Terran Terran
  • League: Master

Event: DreamHack SC2 Masters Last Chance 2022

VOD

Have the link to the VOD?

Description

Time

  • Played on: Dec. 15, 2021, 6:09 a.m.
  • Length: 4:07

All games in this series

Show
View Real Time Build Order
Export as new Build Order

DPGZest Protoss 

Build Orders: 1 Gate Expand, Oracle Opening 

Get SALT Encoding   

  12  0:00  Probe  
  13  0:12  Probe  
  14  0:17  Pylon  
  14  0:24  Probe (Chrono Boost)  
  15  0:36  Gateway, Probe (Chrono Boost)  
  16  0:44  Probe (Chrono Boost)  
  16  0:48  Assimilator  
  17  0:51  Probe  
  18  1:03  Probe  
  19  1:15  Probe  
  20  1:24  Nexus  
  20  1:34  Cybernetics Core  
  20  1:37  Probe  
  21  1:42  Assimilator  
  21  1:49  Probe  
  21  1:53  Pylon  
  22  2:01  Probe  
  23  2:09  Stalker (Chrono Boost)  
  23  2:13  Probe  
  26  2:19  Stargate  
  26  2:25  Probe  
  25  2:37  Probe  
  25  2:43  Probe (Chrono Boost)  
  26  2:49  Probe (Chrono Boost)  
  27  2:52  Adept  
  27  2:55  Probe (Chrono Boost)  
  31  2:58  Probe (Chrono Boost)  
  31  3:00  Probe (Chrono Boost), Oracle (Chrono Boost)  
  31  3:03  Probe (Chrono Boost)  
  35  3:12  Probe  
  37  3:15  Probe  
  37  3:19  Pylon  
  38  3:25  Probe  
  41  3:33  Zealot  
  41  3:35  Probe  
  41  3:37  Probe  
  46  3:42  Pylon  
  46  3:47  Probe  
  47  3:49  Probe  
  47  3:53  Pylon  
Show
View Real Time Build Order
Export as new Build Order

Maru Terran - Winner!

Build Orders: Cyclone Opening 

Get SALT Encoding   

  12  0:00  SCV  
  13  0:12  SCV  
  14  0:17  Supply Depot  
  14  0:24  SCV  
  15  0:38  SCV  
  15  0:41  Barracks  
  16  0:44  Refinery  
  16  0:50  SCV  
  16  0:54  Refinery  
  17  1:02  SCV  
  18  1:14  SCV  
  19  1:28  Reaper, Orbital Command  
  20  1:38  Supply Depot  
  20  1:42  Factory  
  20  1:54  SCV  
  21  2:06  SCV  
  22  2:18  SCV  
  23  2:28  Factory Tech Lab  
  23  2:30  SCV  
  23  2:34  Barracks Reactor  
  23  2:36  Command Center  
  24  2:42  SCV  
  25  2:48  Starport  
  25  2:52  Cyclone  
  25  2:54  SCV  
  25  2:58  Supply Depot  
  29  3:06  SCV  
  29  3:10  Marine  
  31  3:19  SCV, Marine  
  33  3:24  Cyclone  
  36  3:28  Viking, Marine  
  39  3:35  Supply Depot  
  39  3:48  SCV, Marine  

Tags
 
Add a new tag
Caveats
  • Supply blocks, unpowered buildings, or Contaminate may cause inaccurate times.
  • Supply counts are checked every 10 seconds.